 Dungeon Crawl Stone Soup version 0.30.1 (webtiles) character file.

Game seed: 14703885916692868290

180 AgateBread the Gusty (level 5, -3/28 HPs)
             Began as a Tengu Air Elementalist on July 5, 2023.
             Slain by an iguana (12 damage)
             ... on level 4 of the Dungeon.
             The game lasted 00:15:30 (6363 turns).

AgateBread the Gusty (Tengu Air Elementalist)       Turns: 6363, Time: 00:15:30

Health: -3/28      AC:  3    Str:  8    XL:     5   Next: 60%
Magic:  9/9        EV: 14    Int: 17    God:
Gold:   126        SH:  0    Dex: 15    Spells: 3/8 levels left

rFire   . . .        h - +1 dagger (flame)
rCold   . . .        (no shield)
rNeg    . . .        a - +0 robe
rPois   .            (helmet restricted)
rElec   .            g - +0 cloak
rCorr   .            (no gloves)
SInv    +            (boots unavailable)
Will    .....        (no amulet)
Stlth   ++           k - ring of see invisible
HPRegen 0.24/turn    (no ring)
MPRegen 0.11/turn

%: no passive effects
@: flying quickly and evasively, quick
A: beak, talons 3, nimble flight
a: no special abilities


You were on level 4 of the Dungeon.
You visited 1 branch of the dungeon, and saw 4 of its levels.

You collected 126 gold pieces.

Inventory:

Hand Weapons
 h - a +1 dagger of flaming (weapon)
Missiles
 i - 2 poisoned darts (quivered)
Armour
 a - a +0 robe (worn)
 c - a +0 leather armour
 g - a +0 cloak (worn)
 m - the +3 scale mail of the Thunderstorm {Slay+2 SInv}
   (You found it on level 2 of the Dungeon)

   Slay:      It affects your accuracy & damage with ranged weapons and melee
   (+2).
   SInv:      It lets you see invisible.
 x - a +0 kite shield
Jewellery
 k - a ring of see invisible (left hand)
 l - a ring of protection from cold
Scrolls
 f - a scroll of summoning {unknown}
 j - a scroll of magic mapping {unknown}
 q - a scroll of vulnerability {unknown}
 r - a scroll of blinking {unknown}
 u - a scroll of enchant weapon {unknown}
 w - a scroll of fear {unknown}
 y - 2 scrolls of enchant armour {unknown}
 z - a scroll of teleportation {unknown}
Potions
 b - 3 potions of magic
 d - a potion of cancellation {unknown}
 e - 2 potions of heal wounds
 n - a potion of mutation {unknown}
 o - 2 potions of ambrosia {unknown}
 p - a potion of lignification {unknown}
 s - 2 potions of flight {unknown}
 t - a potion of might {unknown}
 v - 2 potions of attraction
 A - a potion of brilliance {unknown}


   Skills:
 + Level 3.8 Armour
 - Level 2.1 Dodging
 - Level 2.0 Stealth
 - Level 2.0 Spellcasting
 - Level 1.3 Conjurations
 + Level 6.4 Air Magic


You had 3 spell levels left.
You knew the following spells:

 Your Spells              Type           Power      Damage    Failure   Level
a - Shock                 Conj/Air       56%        1d6       4%          1
b - Airstrike             Air            11%        2d(2-18)  14%         4

Your spell library contained the following spells:

 Spells                   Type           Power      Damage    Failure   Level
 Swiftness                Air            23%        N/A       4%          3
 Static Discharge         Conj/Air       28%        2-4/arc   6%          2
 Summon Small Mammal      Summ           4%         N/A       19%         1
 Dazzling Flash           Conj/Hex       8%         N/A       41%         3
 Stone Arrow              Conj/Erth      8%         3d7       41%         3
 Call Canine Familiar     Summ           1%         N/A       50%         3
 Summon Guardian Golem    Hex/Summ       1%         N/A       50%         3
 Silence                  Hex/Air        6%         N/A       82%         5
 Animate Armour           Summ/Erth      2%         N/A       88%         4
 Agony                    Necr           1%         N/A       99%         5
 Lehudib's Crystal Spear  Conj/Erth      2%         10d2      100%        8


Dungeon Overview and Level Annotations

Branches:
Dungeon (4/15)
 Temple: D:4-7

Altars:
Nemelex Xobeh

Shops:
D:1 =   D:3 *   D:4 *


Innate Abilities, Weirdness & Mutations

You have a beak for a mouth.
You have claws for feet.
Your magical nature lets you fly swiftly and evasively.


Message History

Press: ? - help, Q - select action, (/) - cycle Shift-Dir - straight line, f - iguana
Aim: an iguana (asleep, 98% to hit)
You throw a poisoned dart. The poisoned dart hits the iguana.
The iguana hisses angrily.
Unknown command.
Throw: 5 darts (poison)
Press: ? - help, Q - select action, (/) - cycle Shift-Dir - straight line, f/p - iguana
Aim: an iguana (61% to hit)
You throw a poisoned dart. The poisoned dart hits the iguana.
The iguana is poisoned.
Throw: 4 darts (poison)
Press: ? - help, Q - select action, (/) - cycle Shift-Dir - straight line, f/p - iguana
Aim: an iguana (poisoned, 61% to hit)
You throw a poisoned dart. The poisoned dart hits the iguana.
The iguana closely misses you.
Unknown command.
Unknown command.
Throw: 3 darts (poison)
Press: ? - help, Q - select action, (/) - cycle Shift-Dir - straight line, f/p - iguana
Aim: an iguana (poisoned, 61% to hit)
You throw a poisoned dart.
The poisoned dart barely misses the iguana.
The iguana bites you!
You barely miss the iguana.
The iguana is lightly wounded.
The iguana closely misses you.
You hit the iguana but do no damage. Your kick misses the iguana.
The iguana is moderately wounded.
The iguana bites you.
You hit the iguana. You burn the iguana.
The iguana is heavily wounded.
The iguana looks more healthy.
The iguana bites you!
You closely miss the iguana. Your kick misses the iguana.
You peck the iguana, but do no damage.
The iguana is severely wounded.
The iguana bites you.
You hit the iguana. You burn the iguana. You claw the iguana.
The iguana is almost dead.
The iguana bites you!
You die...

..# #.......#
############.#
##.....# #.#
#######.# ##.###.#
#.# #(..(...#
##.###.# #.# #.#
#.#.##.# #.# #(#
.###.#)#####.# #.#
## ##.....##.###l#
.###)#.##.#.#.##@#
<.#.##.....###...#
##.######.#.#.####
##### #.##)#######
##...# #...........
.....#######.#######
##...........#
#############


You could see an iguana.

Vanquished Creatures
  A jelly (D:4)
  An orc wizard (D:3)
  5 adders
  A white imp (D:4)
  2 worms (D:2)
  2 dart slugs
  3 orcs
  8 endoplasms
  2 giant cockroaches
  6 goblins
  8 hobgoblins
  A quokka (D:2)
  3 ball pythons
  2 bats (D:1)
  10 kobolds
  4 rats
59 creatures vanquished.

Notes
Turn   | Place    | Note
-------+----------+-------------------------------------------
     0 | D:1      | AgateBread the Tengu Air Elementalist began the quest for
                  | the Orb.
     0 | D:1      | Reached XP level 1. HP: 10/10 MP: 4/4
   824 | D:1      | Reached XP level 2. HP: 15/15 MP: 1/6
   922 | D:1      | Reached skill level 1 in Armour
  1057 | D:1      | Found Mutuarim's Jewellery Shoppe.
  2511 | D:2      | Reached XP level 3. HP: 19/19 MP: 4/7
  2549 | D:2      | Identified the +3 scale mail of the Thunderstorm {Slay+2
                  | SInv}
  2681 | D:2      | Reached skill level 5 in Air Magic
  3841 | D:3      | Reached XP level 4. HP: 22/24 MP: 5/8
  3870 | D:3      | Found Maexiteh's Assorted Antiques.
  4098 | D:3      | Found a sparkling altar of Nemelex Xobeh.
  4823 | D:3      | Found a faded altar of an unknown god.
  4831 | D:3      | Learned a level 4 spell: Airstrike
  4857 | D:3      | Gained mutation: Your magical nature lets you fly swiftly
                  | and evasively. [Tengu growth]
  4857 | D:3      | Reached XP level 5. HP: 25/28 MP: 1/9
  5183 | D:3      | Reached skill level 6 in Air Magic
  6209 | D:4      | Found Plog's Assorted Antiques.
  6363 | D:4      | Slain by an iguana

Illustrated notes

Levels and vault maps discovered:
D:1:      matt_arrival_spirals, layout_basic, serial_shops, shop_statue,
          chequers_big_river
D:2:      layout_basic, corexii_hall_statues_x, nicolae_hexahallways
D:3:      layout_basic, lemuel_round_altar, serial_shops, nicolae_shop_stone,
          hellmonk_ecumenical_altar_slurped_away
D:4:      layout_loops_ring, serial_shops, shop

Skill      XL: |  1  2  3  4  5 |
---------------+----------------+-----
Armour         | 1 2 3 |  3.8
Air Magic      | 5 6 |  6.4
Dodging        | |  2.1
Stealth        | |  2.0
Spellcasting   | |  2.0
Conjurations   | |  1.3

Action                     |  1- 3 |  4- 6 || total
---------------------------+-------+-------++-------
  Melee: Dagger            |    37 |    13 ||    50
         Club              |     1 |       ||     1
         Peck              |     5 |     2 ||     7
         Kick              |     6 |     5 ||    11
         Punch             |     1 |       ||     1
  Throw: Dart              |       |     4 ||     4
   Cast: Shock             |    66 |    52 ||   118
    Use: Scroll            |       |     2 ||     2
 Armour: Robe              |    12 |       ||    12
  Dodge: Dodged            |    20 |     8 ||    28
